 Dungeon Crawl Stone Soup version 0.17-a0-1741-gd5e8965 (webtiles) character file.

178 KambridgeKobold the Twirler (level 5, 0/41 HPs)
             Began as a Demonspawn Gladiator on Aug 31, 2015.
             Succumbed to a water moccasin's poison
             ... on level 3 of the Dungeon.
             The game lasted 00:09:22 (2909 turns).

KambridgeKobold the Twirler (Demonspawn Gladiator)  Turns: 2909, Time: 00:09:22

Health: 0/41       AC:  3    Str: 15    XL:     5   Next: 32%
Magic:  5/5        EV: 15    Int: 14    God:
Gold:   175        SH:  0    Dex: 20    Spells: 0 memorised, 4 levels left

rFire  . . .     SeeInvis .     a - +1 quarterstaff
rCold  . . .     Rnd*Rage +     b - +0 leather armour
rNeg   . . .     SustAt   .     (no shield)
rPois  .         Gourm    .     c - +0 helmet
rElec  .         Spirit   .     (no cloak)
rCorr  .         Warding  .     k - +0 pair of gloves
rMut   .         Stasis   .     (no boots)
MR     .....                    (no amulet)
Stlth  ++........               i - +5 ring of dexterity
                                r - -2 ring of protection (curse)

@: brilliant, lethally poisoned (0 -> -8), very slightly contaminated, hasted,
very quick, not resistant to hostile enchantments, unstealthy
A: hooves 1, berserk 1, nightstalker 1, robust 1
a: no special abilities


You were on level 3 of the Dungeon.
You were not hungry.

You visited 1 branch of the dungeon, and saw 3 of its levels.

You collected 175 gold pieces.

Inventory:

Hand weapons
 a - a +1 quarterstaff (weapon)
 m - a +0 whip
Missiles
 d - 3 throwing nets (quivered)
Armour
 b - a +0 leather armour (worn)
 c - a +0 helmet (worn)
 k - a +0 pair of gloves (worn)
 v - a +0 scale mail
Jewellery
 h - a +3 ring of dexterity
 i - a +5 ring of dexterity (right hand)
 r - a cursed -2 ring of protection (left hand)
 s - an uncursed amulet of guardian spirit
 z - an uncursed amulet of warding
Scrolls
 f - a scroll of remove curse {unknown}
 g - a scroll of identify
 l - a scroll of immolation {unknown}
 o - a scroll of enchant weapon
 p - a scroll of magic mapping {unknown}
 t - a scroll of random uselessness {unknown}
 y - 3 scrolls of recharging
Potions
 x - 2 potions of cure mutation
Comestibles
 e - 3 bread rations
 j - a meat ration


   Skills:
 - Level 2.0 Fighting
 + Level 4.3 Staves
 - Level 1.7 Throwing
 + Level 4.2 Dodging


You had 4 spell levels left.
You didn't know any spells.

Dungeon Overview and Level Annotations

Branches:
Dungeon (3/15)

Altars:
Fedhas
Sif Muna
Trog
Xom


Innate Abilities, Weirdness & Mutations

You have large cloven feet.
You are slightly more attuned to the shadows.
You tend to lose your temper in combat.
You are robust (+10% HP).


Message History

You feel robust.
You feel a little pissed off.
* * * LOW HITPOINT WARNING * * *
You feel sick.
Drink which item? (? for menu, Esc to quit)
It was a potion of brilliance.
You feel clever all of a sudden.
* * * LOW HITPOINT WARNING * * *
You feel sick.
Drink which item? (? for menu, Esc to quit)
It was a potion of haste.
You feel yourself speed up.
* * * LOW HITPOINT WARNING * * *
You feel sick.
You are very lightly contaminated with residual magic.
Drink which item? (? for menu, Esc to quit)
Okay, then.
Read which item? (? for menu, Esc to quit)
As you read the scroll labeled ALEFOBR GIHE, it crumbles to dust.
It is a scroll of recharging.
You aren't carrying any rechargeable items.
You die...

#.# ######## #.#
.......# #.# .......#
#.# .......# #.#
.......# #.#
#.......####@#
#.......'....#
#.......######
#####.......###
....#.........######
###.#._.....#......#
###.#.......##.###.##
..........>##...##..#
###.......##.....##.#


There were no monsters in sight!

Vanquished Creatures
  A water moccasin (D:3)
  An adder (D:3)
  An ooze (D:1)
  A worm (D:2)
  3 giant geckos
  An orc (D:3)
  A ball python (D:1)
  4 goblins (D:1)
  4 hobgoblins
  7 jackals
  5 bats
  5 giant newts
  7 kobolds
  A quokka (D:2)
  6 rats
  A plant (D:1)
49 creatures vanquished.

Notes
Turn   | Place    | Note
--------------------------------------------------------------
     0 | D:1      | KambridgeKobold the Demonspawn Gladiator began the quest for the Orb.
     0 | D:1      | Reached XP level 1. HP: 16/16 MP: 1/1
   152 | D:1      | Reached skill level 3 in Staves
   152 | D:1      | Gained mutation: You have large cloven feet. [demonic ancestry]
   152 | D:1      | Reached XP level 2. HP: 20/22 MP: 2/2
   931 | D:1      | Gained mutation: You are slightly more attuned to the shadows. [demonic ancestry]
   931 | D:1      | Reached XP level 3. HP: 27/27 MP: 3/3
  1165 | D:2      | Found a shimmering altar of Xom.
  1388 | D:2      | Found a bloodstained altar of Trog.
  2502 | D:3      | Found a deep blue altar of Sif Muna.
  2556 | D:3      | HP: 1/27 [poisoned by an adder]
  2851 | D:3      | Found a blossoming altar of Fedhas.
  2893 | D:3      | Noticed a water moccasin
  2905 | D:3      | Killed a water moccasin
  2905 | D:3      | Reached skill level 4 in Staves
  2905 | D:3      | Reached XP level 4. HP: 4/33 MP: 4/4
  2905 | D:3      | Reached XP level 5. HP: 4/38 MP: 5/5
  2906 | D:3      | Gained mutation: You are robust (+10% HP). [potion of mutation]
  2906 | D:3      | Gained mutation: You tend to lose your temper in combat. [potion of mutation]
  2907 | D:3      | HP: 2/41 [poisoned by a water moccasin]
  2909 | D:3      | Succumbed to a water moccasin's poison

Vault maps used:
D:1:      lightli_arrival_quake, serial_forest, infiniplex_forest_clump_long,
          infiniplex_forest_clump_diagonal, infiniplex_forest_clump_tiny,
          infiniplex_forest_lined_1, infiniplex_forest_straight_4,
          infiniplex_forest_straight_3
D:2:      lemuel_coloured_pillars_altar, xom_teletrap_fun, first_bread
D:3:      lemuel_round_altar, overflow_temple_1_default

Action                   |  1- 3 |  4- 6 || total
-------------------------+-------+-------++-------
Melee: Quarterstaff      |   150 |       ||   150
  Use: Scroll            |     4 |     1 ||     5
       Potion            |       |     3 ||     3
 Stab: Sleeping          |     8 |       ||     8
  Eat: Chunk             |     6 |       ||     6
